 Dungeon Crawl Stone Soup version 0.27.1 (webtiles) character file.

Game seed: 14619857576159085514

35 Malachi the Insei (level 3, -6/23 HPs)
             Began as an Octopode Transmuter on Aug 26, 2021.
             Killed from afar by Sigmund (7 damage)
             ... with a puff of flame
             ... on level 2 of the Dungeon.
             The game lasted 00:02:03 (1684 turns).

Malachi the Insei (Octopode Transmuter)             Turns: 1684, Time: 00:02:03

Health: -6/23      AC:  1    Str:  9    XL:     3   Next: 35%
Magic:  6/6        EV: 13    Int: 16    God:
Gold:   34         SH:  0    Dex: 12    Spells: 5/6 levels left

rFire    . . .     SeeInvis .   c - +0 dagger (venom)
rCold    . . .     Faith    .   (no shield)
rNeg     . . .     Spirit   .   (helmet restricted)
rPois    .         Reflect  .   (no amulet)
rElec    .         Harm     .   (no ring)
rCorr    .         Rampage  .   (no ring)
Will     .....                  (no ring)
Stlth    +++.......             (no ring)
HPRegen  0.07/turn              (no ring)
MPRegen  0.10/turn              (no ring)
                                (no ring)
                                (no ring)

@: no status effects
A: almost no armour, amphibious, 8 rings, camouflage 1, gelatinous body 1,
nimble swimmer 1, tentacles
a: no special abilities


You were on level 2 of the Dungeon.
You visited 1 branch of the dungeon, and saw 2 of its levels.

You collected 34 gold pieces.

Inventory:

Hand Weapons
 c - a +0 dagger of venom (weapon)
 d - a +5 dagger
 e - a +2 dagger of flaming


   Skills:
 - Level 1.0 Fighting
 - Level 2.0 Dodging
 - Level 3.0 Unarmed Combat
 - Level 2.0 Spellcasting
 * Level 2.9 Transmutations
 * Level 2.3 Poison Magic


You had 5 spell levels left.
You knew the following spells:

 Your Spells              Type           Power      Damage    Failure   Level
a - Beastly Appendage     Tmut           22%        N/A       6%          1

Your spell library contained the following spells:

 Spells                   Type           Power      Damage    Failure   Level
 Wereblood                Tmut           11%        N/A       10%         2
 Spider Form              Tmut/Pois      5%         N/A       21%         3
 Ice Form                 Ice/Tmut       6%         N/A       75%         4


Dungeon Overview and Level Annotations

Branches:
Dungeon (2/15)

Altars:

Shops:
D:2 :

Annotations:
D:2 1 exclusion, Sigmund


Innate Abilities, Weirdness & Mutations

You cannot wear most types of armour.
You are amphibious.
You can wear up to eight rings at the same time.
Your skin changes colour to match your surroundings (Stealth+).
Your rubbery body absorbs attacks. (AC +1, EV +1)
You are camouflaged near water. (Stealth+)
You have tentacles for arms and can constrict up to eight enemies at once.


Message History

Sigmund is nearby!
Sigmund casts a spell.
Sigmund flickers and vanishes!
Deactivating autopickup; reactivate with Ctrl-A.
You aren't carrying any scrolls.
Unknown command.
You start waiting.
You are confused.
Unknown command.
You hear some strange, mumbled words.
Something tries to affect you, but you resist.
You feel less confused.
You aren't carrying any scrolls.
Unknown command.
Something hits you! Something hits you.
A magic dart appears from out of thin air!
The magic dart hits you.
* * * LOW HITPOINT WARNING * * *
Found a club.
Sigmund appears from thin air!
Reactivating autopickup.
Sigmund screams, "You will never...
NEVER!!!"
Sigmund casts a spell at you. You resist with significant effort.
It was a potion of curing.
You feel better. Sigmund gestures at you while chanting.
The magic dart hits you.
Sigmund says, "Look into my eyes."
Sigmund gestures wildly while chanting.
Sigmund flickers and vanishes!
Deactivating autopickup; reactivate with Ctrl-A.
A magic dart appears from out of thin air!
The magic dart hits you!
* * * LOW HITPOINT WARNING * * *
It was a potion of lignification.
You feel woody for a moment.
You start resting.
A puff of flame appears from out of thin air!
The puff of flame hits you!
You die...

#≈...#.........
#≈≈≈...........
#≈≈≈≈..........
#≈≈≈≈≈.#.#.....
#≈≈≈≈≈...##...#
#####≈≈.####### . #≈≈.#
#####. #≈≈.#
#@≈≈#.##≈≈.#
#§≈≈##.##≈{#
#§≈≈≈##.#..##
####≈≈≈≈≈##....####
#≈≈≈≈≈≈≈≈≈#........#
..)..≈≈≈≈≈≈≈≈≈......##..
.......≈≈≈≈≈...........
..####..............##..
. #..####........... .


There were no monsters in sight!

Vanquished Creatures
  An adder (D:2)
  2 dart slugs (D:1)
  A ball python (D:1)
  2 endoplasms (D:1)
  6 goblins
  A hobgoblin (D:1)
  A kobold (D:1)
  2 quokkas (D:1)
  2 bats
  A rat (D:1)
19 creatures vanquished.

Notes
Turn   | Place    | Note
-------+----------+-------------------------------------------
     0 | D:1      | Malachi the Octopode Transmuter began the quest for the
                  | Orb.
     0 | D:1      | Reached XP level 1. HP: 13/13 MP: 3/3
    66 | D:1      | Reached skill level 1 in Poison Magic
   219 | D:1      | Reached XP level 2. HP: 18/18 MP: 3/5
  1016 | D:2      | Found Urujoej's Book Boutique.
  1021 | D:2      | Noticed Sigmund
  1062 | D:2      | Reached XP level 3. HP: 23/23 MP: 6/6
  1680 | D:2      | HP: 1/23 [something/magic dart (8)]
  1684 | D:2      | Killed from afar by Sigmund

Illustrated notes

Levels and vault maps discovered:
D:1:      co_arrival_random_square_maze, layout_loops_ring
D:2:      layout_rooms, serial_shops, shop_statue, grunt_decor_junction,
          minmay_snake_closets, uniq_sigmund, uniq_natasha

Skill      XL: |  1  2 |
---------------+-------+-----
Poison Magic   | 1 2 |  2.3
Fighting       | |  1.0
Dodging        | |  2.0
Unarmed Combat | |  3.0
Spellcasting   | |  2.0
Transmutations | |  2.9

Action                   || total
-------------------------++-------
Melee: Dagger            ||    37
       Constrict         ||    12
       Kick              ||     6
       Unarmed           ||     3
       Tentacles         ||     7
       Punch             ||     1
 Cast: Beastly Appendage ||    10
  Use: Potion            ||     2
 Stab: Sleeping          ||     8
Armor: Skin              ||     5
Dodge: Dodged            ||    32
